 Dungeon Crawl Stone Soup version 0.31-a0-844-gdc52ec4e09 (webtiles) character file.

Game seed: 761618319824678338

108 Shayle the Trooper (level 4, -4/35 HPs)
             Began as a Demonspawn Reaver on Sept 30, 2023.
             Killed from afar by Ijyb (5 damage)
             ... with a puff of flame
             ... on level 3 of the Dungeon.
             The game lasted 00:04:29 (2652 turns).

Shayle the Trooper (Demonspawn Reaver)              Turns: 2652, Time: 00:04:30

Health: -4/35      AC:  7    Str: 13    XL:     4   Next: 58%
Magic:  8/8        EV: 10    Int: 16    God:
Gold:   121        SH:  0    Dex: 11    Spells: 8/9 levels left

rFire   . . .        j - +0 trident
rCold   . . .        (no shield)
rNeg    . . .        h - +0 ring mail
rPois   .            (no helmet)
rElec   .            (no cloak)
rCorr   .            (no gloves)
SInv    .            (no boots)
Will    +....        (no amulet)
Stlth   +            (no ring)
HPRegen 0.25/turn    (no ring)
MPRegen 0.11/turn

%: no passive effects
@: attractive, enlightened, flying
A: icy blue scales 1, powered by pain 1, weakness stinger 1
a: no special abilities


You were on level 3 of the Dungeon.
You visited 1 branch of the dungeon, and saw 3 of its levels.

You collected 121 gold pieces.

Inventory:

Hand Weapons
 j - a +0 trident (weapon)
Armour
 b - a +0 leather armour
 h - a +0 ring mail (worn)
Scrolls
 a - a scroll of teleportation
 d - a scroll of identify


   Skills:
 + Level 3.3 Fighting
 - Level 2.6 Polearms
 + Level 2.0 Armour
 - Level 1.7 Dodging
 + Level 3.0 Spellcasting
 - Level 3.0 Conjurations


You had 8 spell levels left.
You knew the following spells:

 Your Spells              Type           Power      Damage    Failure   Level
a - Kiss of Death         Conj/Necr      28%        2d7       22%         1

Your spell library contained the following spells:

 Spells                   Type           Power      Damage    Failure   Level
 Momentum Strike          Conj/Tloc      14%        3d8       32%         2
 Hailstorm                Conj/Ice       7%         3d4       54%         3
 Ozocubu's Armour         Ice            2%         N/A       75%         3
 Ozocubu's Refrigeration  Ice            1%         4d7       100%        7


Dungeon Overview and Level Annotations

Branches:
Dungeon (3/15)

Altars:

Shops:
D:2 (

Annotations:
D:3 1 runed translucent door, Crazy Yiuf, Grinder, Ijyb


Innate Abilities, Weirdness & Mutations

You are partially covered in icy blue scales. (AC +2)
You sometimes gain a little power by taking damage.
You have a small tail.


Message History

Ijyb hits you but does no damage.
You barely miss Ijyb.
Ijyb is heavily wounded.
Ijyb hits you but does no damage.
You barely miss Ijyb.
Ijyb is heavily wounded.
Ijyb zaps a wand.
The puff of flame hits you.
Ijyb zaps a wand.
The puff of flame hits you.
You closely miss Ijyb.
Ijyb is heavily wounded.
Ijyb hits you with a +0 club.
You barely miss Ijyb.
Ijyb is heavily wounded.
Ijyb barely misses you.
You closely miss Ijyb.
Ijyb is heavily wounded.
Ijyb hits you with a +0 club.
You closely miss Ijyb.
Ijyb is heavily wounded.
Ijyb hits you but does no damage.
You hit Ijyb but do no damage. You tail-slap Ijyb.
Ijyb is severely wounded.
Ijyb closely misses you.
It was a potion of enlightenment.
You feel very buoyant.
You fly up into the air.
Ijyb zaps a wand.
The puff of flame hits you.
* * * LOW HITPOINT WARNING * * *
It was a potion of attraction.
You feel attractive to monsters. Ijyb closely misses you.
You closely miss Ijyb.
Your tail-slap misses Ijyb.
Ijyb is severely wounded.
Ijyb hits you with a +0 club.
* * * LOW HITPOINT WARNING * * *
Ijyb zaps a wand.
The puff of flame hits you.
* * * LOW HITPOINT WARNING * * *
You closely miss Ijyb.
Ijyb is severely wounded.
Ijyb zaps a wand.
The puff of flame hits you.
You die...

#.##.# #.##.#
#.##.#
#..#.########
#..#........#
#..########.#
#.....# #.#
#..##g# #.#
.g. #@# #.# .
#.#####.#
#.......#
#########


You could see Ijyb.

Vanquished Creatures
  Jessica (D:2)
  2 adders (D:2)
  2 dart slugs
  An orc (D:3)
  5 endoplasms
  5 goblins
  4 hobgoblins
  4 jackals (D:1)
  3 quokkas (D:1)
  6 ball pythons
  5 bats (D:1)
  4 frilled lizards
  10 kobolds
  9 rats
61 creatures vanquished.

Notes
Turn   | Place    | Note
-------+----------+-------------------------------------------
     0 | D:1      | Shayle the Demonspawn Reaver began the quest for the Orb.
     0 | D:1      | Reached XP level 1. HP: 16/16 MP: 3/3
   153 | D:1      | Gained mutation: You sometimes gain a little power by
                  | taking damage. [demonic ancestry]
   153 | D:1      | Reached XP level 2. HP: 17/22 MP: 5/5
   289 | D:1      | Reached skill level 1 in Armour
   376 | D:1      | Gained mutation: You have a small tail. [demonic ancestry]
   376 | D:1      | Reached XP level 3. HP: 21/28 MP: 6/6
   902 | D:2      | Found Liunonuc's Weapon Shop.
  1129 | D:2      | Found a faded altar of an unknown god.
  1817 | D:2      | Gained mutation: You are partially covered in icy blue
                  | scales. (AC +2) [demonic ancestry]
  1817 | D:2      | Reached XP level 4. HP: 11/35 MP: 8/8
  1935 | D:2      | Noticed Jessica
  1942 | D:2      | Killed Jessica
  2206 | D:3      | Found a runed translucent door.
  2207 | D:3      | Noticed Crazy Yiuf
  2490 | D:3      | Noticed Grinder
  2506 | D:3      | Paralysed by Grinder for 2 turns
  2623 | D:3      | Noticed Ijyb
  2651 | D:3      | HP: 1/35 [Ijyb/puff of flame (4)]
  2652 | D:3      | Killed from afar by Ijyb

Illustrated notes

Levels and vault maps discovered:
D:1:      dpeg_arrival_oval, layout_basic
D:2:      layout_basic, hellmonk_ecumenical_altar_inner_sanctum, serial_shops,
          shop, uniq_jessica
D:3:      minmay_roachtagon, layout_basic, serial_bayou_pond_e, minivault_25,
          uniq_ijyb, uniq_crazy_yiuf_cottage, uniq_grinder

Skill      XL: |  1  2  3  4 |
---------------+-------------+-----
Armour         | 1 2 |  2.0
Fighting       | 3 |  3.3
Spellcasting   | 3 |  3.0
Polearms       | |  2.6
Dodging        | |  1.7
Conjurations   | |  3.0

Action                     |  1- 3 |  4- 6 || total
---------------------------+-------+-------++-------
  Melee: Spear             |   180 |       ||   180
         Punch             |     3 |       ||     3
         Trident           |    30 |    50 ||    80
         Tailslap          |     8 |     9 ||    17
    Use: Potion            |     2 |     3 ||     5
         Scroll            |       |     7 ||     7
   Stab: Sleeping          |     1 |       ||     1
 Armour: Leather armour    |    56 |       ||    56
         Ring mail         |    46 |    34 ||    80
  Dodge: Dodged            |   102 |    16 ||   118

Table legend: (Time is in decaauts)
 A = Elapsed time spent in this place.
 B = Non-inter-level travel time spent in this place.
 C = Inter-level travel time spent in this place.
 D = Time resting spent in this place.
 E = Time spent auto-exploring this place.
 F = Levels seen in this place.
 G = Mean time per level.
                   A        B        C        D        E       F      G
               +--------+--------+--------+--------+--------+-----+--------+
         Total |   2659 |   2532 |    127 |    196 |   1807 |   3 |  886.3 |
       Dungeon |   2659 |   2532 |    127 |    196 |   1807 |   3 |  886.3 |
               +--------+--------+--------+--------+--------+-----+--------+

Top non-repeatable levels by time:
     D:2: 1207 daAuts
     D:1: 797 daAuts
     D:3: 654 daAuts
